SNL (28 & UNDER)
GAINESVILLE GUIDOS @ SALEM SILVER SOULS
07/21/2029
 
TOP OF THE 1ST
Gainesville Guidos batting - Pitching for Salem Silver Souls : RHP Víctor Hernández
Pitching: RHP Víctor Hernández
Batting: SHB Cornell Payne 0-0: Swinging Strike
0-1: Called Strike
0-2: Ground out 4-3 (Groundball, 34)
Batting: LHB Robbie Turner 0-0: Ground out U3 (Groundball, 3)
Batting: RHB Augusto Baca 0-0: Called Strike
0-1: Fly out, F5 (Line Drive, 56)
Top of the 1st over - 0 runs, 0 hits, 0 errors, 0 left on base; Gainesville 0 - Salem 0
BOTTOM OF THE 1ST
Salem Silver Souls batting - Pitching for Gainesville Guidos : RHP Daniel Carter
Pitching: RHP Daniel Carter
Batting: LHB Alberto Varela 0-0: Called Strike
0-1: Ground out 1-3 (Groundball, 13S)
Batting: RHB Carlos Sánchez 0-0: Ball
1-0: Called Strike
1-1: Foul Ball, location: 2F
1-2: Ball
2-2: Strikes out swinging
Batting: LHB Hamilton Hughes 0-0: Foul Ball, location: 2F
0-1: Ball
1-1: Swinging Strike
1-2: Strikes out swinging
Bottom of the 1st over - 0 runs, 0 hits, 0 errors, 0 left on base; Gainesville 0 - Salem 0
TOP OF THE 2ND
Gainesville Guidos batting - Pitching for Salem Silver Souls : RHP Víctor Hernández
Batting: LHB Pedro Juárez 0-0: Ground out U3 (Groundball, 3)
Batting: RHB Doug Coleman 0-0: Ball
1-0: Ball
2-0: Ball
3-0: Called Strike
3-1: Base on Balls
Batting: LHB Scott Young 0-0: Called Strike
0-1: Fly out, F9 (Flyball, 9S)
Batting: SHB António Ramírez 0-0: Foul Ball, location: 2F
0-1: Called Strike
0-2: Ball
1-2: Fly out, F9 (Line Drive, 9)
Top of the 2nd over - 0 runs, 0 hits, 0 errors, 1 left on base; Gainesville 0 - Salem 0
BOTTOM OF THE 2ND
Salem Silver Souls batting - Pitching for Gainesville Guidos : RHP Daniel Carter
Batting: LHB Jeff Forsyth 0-0: SINGLE (Groundball, 4MD)
Batting: RHB Júlio Rodríguez 0-0: Called Strike
0-1: Foul Ball, location: 2F
0-2: Ball
1-2: Strikes out swinging
Batting: SHB Dawson Fowler 0-0: Called Strike
0-1: Ball
1-1: SINGLE (Groundball, 34D)
Jeff Forsyth to second
Runner from 2nd tries for 3rd, OUT!
Batting: SHB Dale Winters 0-0: Ball
1-0: Ball
2-0: Ball
3-0: Base on Balls
Dawson Fowler to second
Batting: RHB José Dávila 0-0: Foul Ball, location: 2F
0-1: Ball
1-1: Fly out, F4 (Popup, 4)
Bottom of the 2nd over - 0 runs, 2 hits, 0 errors, 2 left on base; Gainesville 0 - Salem 0
TOP OF THE 3RD
Gainesville Guidos batting - Pitching for Salem Silver Souls : RHP Víctor Hernández
Batting: SHB José Sousa 0-0: Ball
1-0: Called Strike
1-1: Swinging Strike
1-2: Foul Ball, location: 2F
1-2: Strikes out swinging
Batting: RHB Tim Bonner 0-0: Fly out, F8 (Flyball, 8RM)
Batting: SHB Cornell Payne 0-0: Ball
1-0: Ball
2-0: Ground out 6-3 (Groundball, 56)
Top of the 3rd over - 0 runs, 0 hits, 0 errors, 0 left on base; Gainesville 0 - Salem 0
BOTTOM OF THE 3RD
Salem Silver Souls batting - Pitching for Gainesville Guidos : RHP Daniel Carter
Batting: SHB Caleb Hart 0-0: Ball
1-0: Foul Ball, location: 2F
1-1: Called Strike
1-2: Ball
2-2: Ball
3-2: DOUBLE (Flyball, 8LXD)
Batting: LHB Alberto Varela 0-0: Ball
Wild Pitch!
Caleb Hart to third
1-0: Ball
2-0: Ball
3-0: Base on Balls
Batting: RHB Carlos Sánchez 0-0: Called Strike
0-1: Fly out, F8 (Flyball, 8LD)
Runner from 3rd tags up, SCORES, throw made
Batting: LHB Hamilton Hughes 0-0: Grounds into double play, 3-6-4 (Groundball, 34)
Bottom of the 3rd over - 1 run, 1 hit, 0 errors, 0 left on base; Gainesville 0 - Salem 1
TOP OF THE 4TH
Gainesville Guidos batting - Pitching for Salem Silver Souls : RHP Víctor Hernández
Batting: LHB Robbie Turner 0-0: Ground out 1-3 (Groundball, P)
Batting: RHB Augusto Baca 0-0: Fly out, F9 (Flyball, 9S)
Batting: LHB Pedro Juárez 0-0: Called Strike
0-1: Ball
1-1: Swinging Strike
1-2: Ball
2-2: Strikes out swinging
Top of the 4th over - 0 runs, 0 hits, 0 errors, 0 left on base; Gainesville 0 - Salem 1
BOTTOM OF THE 4TH
Salem Silver Souls batting - Pitching for Gainesville Guidos : RHP Daniel Carter
Batting: LHB Jeff Forsyth 0-0: Ball
1-0: Called Strike
1-1: Ball
2-1: Fly out, F8 (Flyball, 8LD)
Batting: RHB Júlio Rodríguez 0-0: Called Strike
0-1: Swinging Strike
0-2: Ball
1-2: Fly out, F7 (Flyball, 7)
Batting: SHB Dawson Fowler 0-0: Called Strike
0-1: Foul Ball, location: 2F
0-2: SINGLE (Flyball, 89S)
Batting: SHB Dale Winters 0-0: Ball
1-0: Fly out, F6 (Popup, 6MD)
Bottom of the 4th over - 0 runs, 1 hit, 0 errors, 1 left on base; Gainesville 0 - Salem 1
TOP OF THE 5TH
Gainesville Guidos batting - Pitching for Salem Silver Souls : RHP Víctor Hernández
Batting: RHB Doug Coleman 0-0: Ball
1-0: Swinging Strike
1-1: Ball
2-1: Swinging Strike
2-2: Ball
3-2: Strikes out swinging
Batting: LHB Scott Young 0-0: Ball
1-0: SINGLE (Line Drive, 89S)
Batting: SHB António Ramírez 0-0: Fly out, F8 (Flyball, 8RD)
Batting: SHB José Sousa 0-0: Foul Ball, location: 2F
0-1: Swinging Strike
0-2: Ball
1-2: Fly out, F9 (Line Drive, 9LM)
Top of the 5th over - 0 runs, 1 hit, 0 errors, 1 left on base; Gainesville 0 - Salem 1
BOTTOM OF THE 5TH
Salem Silver Souls batting - Pitching for Gainesville Guidos : RHP Daniel Carter
Batting: RHB José Dávila 0-0: Called Strike
0-1: Ball
1-1: Called Strike
1-2: Fly out, F7 (Flyball, 7LSF)
Batting: SHB Caleb Hart 0-0: Ball
1-0: Called Strike
1-1: SINGLE (Groundball, 34D)
Batting: LHB Alberto Varela 0-0: Called Strike
0-1: Swinging Strike
0-2: Foul Ball, location: 2F
0-2: Ball
1-2: Fielders Choice at 2nd, 4-6 (Groundball, 4)
Batting: RHB Carlos Sánchez 0-0: Called Strike
Alberto Varela steals 2nd base
0-1: Ground out 6-3 (Groundball, 6)
Bottom of the 5th over - 0 runs, 1 hit, 0 errors, 1 left on base; Gainesville 0 - Salem 1
TOP OF THE 6TH
Gainesville Guidos batting - Pitching for Salem Silver Souls : RHP Víctor Hernández
Batting: RHB Tim Bonner 0-0: SINGLE (Flyball, 7LM)
Batting: SHB Cornell Payne 0-0: Called Strike
0-1: Ball
1-1: Swinging Strike
1-2: Foul Ball, location: 2F
1-2: Strikes out swinging
Batting: LHB Robbie Turner 0-0: SINGLE (Flyball, 89S)
Tim Bonner to second
Batting: RHB Augusto Baca 0-0: Ball
1-0: Ball
2-0: Foul Ball, location: 2F
2-1: Fly out, F2 (Popup, 23F)
Batting: LHB Pedro Juárez 0-0: Ball
1-0: Foul Ball, location: 2F
1-1: Foul Ball, location: 2F
1-2: Strikes out swinging
Top of the 6th over - 0 runs, 2 hits, 0 errors, 2 left on base; Gainesville 0 - Salem 1
BOTTOM OF THE 6TH
Salem Silver Souls batting - Pitching for Gainesville Guidos : RHP Daniel Carter
Batting: LHB Hamilton Hughes 0-0: Called Strike
0-1: Called Strike
0-2: Foul Ball, location: 2F
0-2: Foul Ball, location: 2F
0-2: Ball
1-2: Ball
2-2: Foul Ball, location: 2F
2-2: Strikes out looking
Batting: LHB Jeff Forsyth 0-0: Called Strike
0-1: Ball
1-1: Ball
2-1: Called Strike
2-2: Strikes out swinging
Batting: RHB Júlio Rodríguez 0-0: Ball
1-0: Foul Ball, location: 2F
1-1: Called Strike
1-2: Foul Ball, location: 2F
1-2: Ball
2-2: Foul Ball, location: 2F
2-2: Ball
3-2: Foul Ball, location: 2F
3-2: Foul Ball, location: 2F
3-2: Fly out, F8 (Flyball, 8LS)
Bottom of the 6th over - 0 runs, 0 hits, 0 errors, 0 left on base; Gainesville 0 - Salem 1
TOP OF THE 7TH
Gainesville Guidos batting - Pitching for Salem Silver Souls : RHP Víctor Hernández
Batting: RHB Doug Coleman 0-0: Called Strike
0-1: Foul Ball, location: 2F
0-2: Ball
1-2: Strikes out looking
Batting: LHB Scott Young 0-0: Called Strike
0-1: Fly out, F6 (Popup, P)
Batting: SHB António Ramírez 0-0: Ball
1-0: Fly out, F2 (Popup, 2LF)
Top of the 7th over - 0 runs, 0 hits, 0 errors, 0 left on base; Gainesville 0 - Salem 1
BOTTOM OF THE 7TH
Salem Silver Souls batting - Pitching for Gainesville Guidos : RHP Daniel Carter
Pitching: RHP Jesús Cantú
Batting: SHB Dawson Fowler 0-0: Foul Ball, location: 2F
0-1: Ball
1-1: Fly out, F6 (Popup, 6MS)
Batting: SHB Dale Winters 0-0: Foul Ball, location: 2F
0-1: Swinging Strike
0-2: SOLO HOME RUN (Flyball, 8RXD), Distance : 431 ft
Batting: RHB José Dávila 0-0: Ball
1-0: Ball
2-0: Foul Ball, location: 2F
2-1: Ball
3-1: Called Strike
3-2: Strikes out looking
Batting: SHB Caleb Hart 0-0: Ball
1-0: Called Strike
1-1: Ball
2-1: Fly out, F3 (Popup, 3SF)
Bottom of the 7th over - 1 run, 1 hit, 0 errors, 0 left on base; Gainesville 0 - Salem 2
TOP OF THE 8TH
Gainesville Guidos batting - Pitching for Salem Silver Souls : RHP Víctor Hernández
Batting: SHB José Sousa 0-0: Foul Ball, location: 2F
0-1: Ball
1-1: Swinging Strike
1-2: Fly out, F9 (Flyball, 89M)
Batting: RHB Tim Bonner 0-0: Ball
1-0: Called Strike
1-1: Foul Ball, location: 2F
1-2: Ball
2-2: Ball
3-2: Strikes out looking
Batting: SHB Cornell Payne 0-0: Swinging Strike
0-1: Foul Ball, location: 2F
0-2: Strikes out swinging
Top of the 8th over - 0 runs, 0 hits, 0 errors, 0 left on base; Gainesville 0 - Salem 2
BOTTOM OF THE 8TH
Salem Silver Souls batting - Pitching for Gainesville Guidos : RHP Jesús Cantú
Batting: LHB Alberto Varela 0-0: Ball
1-0: Called Strike
1-1: DOUBLE (Flyball, 8LXD)
Batting: RHB Carlos Sánchez 0-0: Foul Ball, location: 2F
0-1: Fly out, F9 (Flyball, 9S)
Batting: LHB Hamilton Hughes 0-0: Called Strike
0-1: Fly out, F9 (Line Drive, 9)
Batting: LHB Jeff Forsyth 0-0: Ball
1-0: Called Strike
1-1: Swinging Strike
1-2: Foul Ball, location: 2F
1-2: Strikes out looking
Bottom of the 8th over - 0 runs, 1 hit, 0 errors, 1 left on base; Gainesville 0 - Salem 2
TOP OF THE 9TH
Gainesville Guidos batting - Pitching for Salem Silver Souls : RHP Víctor Hernández
Batting: LHB Robbie Turner 0-0: Called Strike
0-1: Called Strike
0-2: Ball
1-2: Ball
2-2: Ball
3-2: Strikes out swinging
Pitching: RHP Taylor Bowen
Batting: RHB Augusto Baca 0-0: Foul Ball, location: 2F
0-1: Fly out, F9 (Flyball, 9)
Batting: LHB Pedro Juárez 0-0: Called Strike
0-1: Ball
1-1: Swinging Strike
1-2: SINGLE (Line Drive, 4MD)
Batting: RHB Doug Coleman 0-0: Foul Ball, location: 2F
0-1: Swinging Strike
0-2: Foul Ball, location: 2F
0-2: Ball
1-2: Foul Ball, location: 2F
1-2: Ball
2-2: Foul Ball, location: 2F
2-2: Foul Ball, location: 2F
2-2: Strikes out looking
Top of the 9th over - 0 runs, 1 hit, 0 errors, 1 left on base; Gainesville 0 - Salem 2
Saturday, December 16th, 2017 - OOTP Baseball 18.8 Build 76